 Dungeon Crawl Stone Soup version 0.30.1 (webtiles) character file.

Game seed: 17943763938867205071

70 Pepete the Magician (level 4, -1/24 HPs)
             Began as a Deep Elf Fire Elementalist on July 9, 2023.
             Slain by a sleepcap (8 damage)
             ... on level 3 of the Dungeon.
             The game lasted 00:04:33 (3658 turns).

Pepete the Magician (Deep Elf Fire Elementalist)    Turns: 3658, Time: 00:04:34

Health: -1/24      AC:  5    Str:  5    XL:     4   Next: 3%
Magic:  4/12       EV:  2    Int: 22    God:
Gold:   136        SH:  0    Dex: 15    Spells: 8/11 levels left

rFire   . . .        (no weapon)
rCold   . . .        (no shield)
rNeg    . . .        o - +0 robe
rPois   .            (no helmet)
rElec   .            (no cloak)
rCorr   .            (no gloves)
SInv    .            i - +2 pair of boots
Will    .....        (no amulet)
Stlth   ++           l - ring of flight
HPRegen 0.24/turn    (no ring)
MPRegen 0.13/turn

%: no passive effects
@: about to teleport, sleeping, flying
A: no striking features
a: no special abilities


You were on level 3 of the Dungeon.
You visited 1 branch of the dungeon, and saw 3 of its levels.

You collected 136 gold pieces.

Inventory:

Armour
 i - a +2 pair of boots (worn)
 o - a +0 robe (worn)
Magical Staves
 a - a staff of poison
 f - a staff of conjuration
Jewellery
 l - a ring of flight (left hand)
Scrolls
 d - a scroll of fog
 e - a scroll of noise
 j - 2 scrolls of fear
 m - a scroll of identify
 q - a scroll of poison
Potions
 b - 2 potions of magic
 g - a potion of brilliance
 k - a potion of resistance {unknown}


   Skills:
 - Level 2.4 Dodging
 - Level 2.4 Stealth
 * Level 4.2 Spellcasting
 * Level 2.6 Conjurations
 * Level 4.1 Fire Magic


You had 8 spell levels left.
You knew the following spells:

 Your Spells              Type           Power      Damage    Failure   Level
a - Foxfire               Conj/Fire      76%        2x1d7     2%          1
b - Scorch                Fire           44%        2d6       3%          2

Your spell library contained the following spells:

 Spells                   Type           Power      Damage    Failure   Level
 Inner Flame              Hex/Fire       13%        N/A       14%         3
 Volatile Blastmotes      Fire/Tloc      26%        2d12      14%         3
 Flame Wave               Conj/Fire      19%        2d7       28%         4
 Ozocubu's Armour         Ice            4%         N/A       32%         3
 Metabolic Englaciation   Hex/Ice        2%         N/A       97%         5
 Simulacrum               Ice/Necr       2%         N/A       100%        6


Dungeon Overview and Level Annotations

Branches:
Dungeon (3/15)

Altars:


Message History

The sleepcap is severely damaged.
Unknown command.
Casting: Scorch (safe; 3% risk of failure)
Confirm with . or Enter, or press ? or * to list all spells.
Flames lash the sleepcap.
The sleepcap is severely damaged.
The sleepcap releases spores at you.
You are engulfed in a cloud of soporific spores!
You fall asleep.
A frilled lizard comes into view.
The sleepcap releases spores at you!
You wake up.
Ouch! That really hurt!
* * * LOW HITPOINT WARNING * * *
You are engulfed in a cloud of soporific spores!
You are unaffected.
An endoplasm comes into view.
You feel better.
The sleepcap releases spores at you but does no damage.
You feel better. The sleepcap barely misses you.
The sleepcap attacks as you move away! The sleepcap releases spores at you.
The sleepcap attacks as you move away! The sleepcap releases spores at you!
The sleepcap attacks as you move away! The sleepcap releases spores at you.
* * * LOW HITPOINT WARNING * * *
You can't see any enemies this would affect, really read the scroll of fear? [Y]es or [N]o only, please.
You can't see any enemies this would affect, really read the scroll of fear?
Okay, then.
Unknown command.
You see here a staff of conjuration.
f - a staff of conjuration The sleepcap closely misses you.
As you read the scroll of teleportation, it crumbles to dust.
You feel strangely unstable.
The sleepcap is no longer more vulnerable to fire.
The sleepcap releases spores at you.
* * * LOW HITPOINT WARNING * * *
You are engulfed in a cloud of soporific spores!
You fall asleep.
The sleepcap releases spores at you!
You die...

#################
#...............#
#.###.###f#####.#
#.# #@# #.# #.#
#)# #.# #.# #.#
#.# #w# #.### #.#
#l# #...# #.# #.#
###.# #.# #$# #.#
#.# #J# #.# #.#
##.# #.# #.#


You could see a sleepcap.

Vanquished Creatures
  3 adders
  2 worms (D:2)
  5 endoplasms
  2 giant cockroaches
  A goblin (D:1)
  4 hobgoblins
  2 quokkas (D:1)
  5 ball pythons
  4 bats
  6 frilled lizards
  A kobold (D:1)
  2 rats (D:3)
37 creatures vanquished.

Vanquished Creatures (others)
  149 foxfires
149 creatures vanquished.

Grand Total: 186 creatures vanquished

Notes
Turn   | Place    | Note
-------+----------+-------------------------------------------
     0 | D:1      | Pepete the Deep Elf Fire Elementalist began the quest for
                  | the Orb.
     0 | D:1      | Reached XP level 1. HP: 10/10 MP: 6/6
   460 | D:1      | Reached XP level 2. HP: 15/15 MP: 4/8
   903 | D:1      | Learned a level 2 spell: Scorch
  1654 | D:2      | Reached XP level 3. HP: 19/19 MP: 5/10
  3219 | D:3      | Reached XP level 4. HP: 24/24 MP: 10/12
  3530 | D:3      | Found a faded altar of an unknown god.
  3646 | D:3      | HP: 1/24 [sleepcap (17)]
  3658 | D:3      | Slain by a sleepcap

Illustrated notes

Levels and vault maps discovered:
D:1:      dpeg_arrival_stone_temple_mockup, layout_basic, kennysheep_doodads,
          minmay_misc_feat_roman
D:2:      layout_loops_ring, grunt_decor_junction, kennysheep_cross_room,
          kennysheep_flooded_box
D:3:      layout_loops_ring, dilly_ecumenical_altar_fadedgnrine, st_stairs_8,
          minmay_bisected

Skill      XL: |  1  2  3 |
---------------+----------+-----
Conjurations   | 2 |  2.6
Spellcasting   | 4 |  4.2
Fire Magic     | 4 |  4.1
Dodging        | |  2.4
Stealth        | |  2.4

Action                     |  1- 3 |  4- 6 || total
---------------------------+-------+-------++-------
   Cast: Foxfire           |    89 |     6 ||    95
         Scorch            |    10 |     4 ||    14
    Use: Scroll            |     5 |     4 ||     9
         Potion            |     1 |     2 ||     3
 Armour: Robe              |     2 |     1 ||     3
  Dodge: Dodged            |     7 |     2 ||     9
